 Dungeon Crawl Stone Soup version 0.24.0-125-gc4c63601f3 (webtiles) character file.

Game seed: 11341002157863970833, levelgen mode: deterministic

78631 Peloso the Peltast (level 15, -3/136 HPs)
             Began as a Minotaur Fighter on Mar 22, 2020.
             Was the Champion of Okawaru.
             Slain by an ettin
             ... wielding a +0 dire flail
              (37 damage)
             ... on level 2 of the Orcish Mines.
             The game lasted 01:07:43 (21875 turns).

Peloso the Peltast (Minotaur Fighter)              Turns: 21875, Time: 01:07:44

Health: -3/136     AC: 27    Str: 25    XL:     15   Next: 18%
Magic:  17/17      EV: 10    Int:  5    God:    Okawaru [******]
Gold:   1453       SH: 24    Dex: 12    Spells: 14/14 levels left

rFire    . . .     SeeInvis .   a - +0 scimitar (flame)
rCold    + . .     Gourm    .   c - +9 shield of Moral Flaws {Slay+2}
rNeg     . . .     Faith    +   W - +4 plate armour {rC+}
rPois    .         Spirit   .   J - +2 hat
rElec    .         Reflect  .   B - scarf {repulsion}
rCorr    +         Harm     .   C - +2 pair of gloves
MR       +....                  p - +0 pair of boots
Stlth    ..........             w - amulet of faith
HPRegen  0.32/turn              i - +2 ring of slaying
MPRegen  0.15/turn              R - ring of resist corrosion

@: hasted, repel missiles, very quick
A: retaliatory headbutt, horns 2
a: Heroism, Finesse, Renounce Religion


You were on level 2 of the Orcish Mines.
You worshipped Okawaru.
Okawaru was exalted by your worship.
You were not hungry.

You visited 3 branches of the dungeon, and saw 20 of its levels.
You also visited: Volcano.

You collected 1453 gold pieces.

Inventory:

Hand Weapons
 a - a +0 scimitar of flaming (weapon)
 x - the +10 rapier "Hydra's Foe" {pierce, rN+}
   (Okawaru gifted it to you on level 2 of the Lair of Beasts)

   It inflicts extra damage upon your enemies.
   It protects you from negative energy.
 O - a +2 demon trident of flaming
Armour
 c - the +9 shield of Moral Flaws (worn) {Slay+2}
   (Okawaru gifted it to you on level 14 of the Dungeon)

   It affects your accuracy and damage with ranged weapons and melee attacks
   (+2).
 p - a +0 pair of boots (worn)
 B - a scarf of repulsion (worn)
 C - a +2 pair of gloves (worn)
 H - +0 acid dragon scales
 J - a +2 hat (worn)
 Q - the +0 pair of boots of Objectivity {Dex+4, unknown}
   (Okawaru gifted it to you on level 2 of the Orcish Mines)

   It affects your dexterity (+4).
 W - a +4 plate armour of cold resistance (worn)
 X - a +2 chain mail of fire resistance
Jewellery
 i - a +2 ring of slaying (left hand)
 t - an uncursed ring of flight
 w - an amulet of faith (around neck)
 D - an uncursed amulet of the acrobat
 G - an uncursed ring of ice
 R - a ring of resist corrosion (right hand)
 Y - an uncursed ring of protection from magic
Wands
 l - a wand of flame (43)
 E - a wand of enslavement (9)
 N - a wand of digging (4)
Scrolls
 g - 10 scrolls of remove curse
 j - 2 scrolls of fog {unknown}
 k - a scroll of fear {unknown}
 m - a scroll of magic mapping
 v - 2 scrolls of enchant armour
 z - 4 scrolls of blinking
 A - 3 scrolls of amnesia
 F - 3 scrolls of identify
 I - a scroll of brand weapon
 K - a scroll of holy word {unknown}
 L - 2 scrolls of enchant weapon {unknown}
 P - 3 scrolls of teleportation
 V - a scroll of acquirement {unknown}
Potions
 d - 2 potions of might
 e - 2 potions of berserk rage
 h - 3 potions of flight
 n - 3 potions of curing
 o - a potion of experience
 q - 2 potions of agility
 r - a potion of heal wounds
 s - a potion of haste
 u - a potion of magic
 M - 2 potions of resistance
Miscellaneous
 b - a lamp of fire
 y - a box of beasts
Comestibles
 f - 26 rations
 S - 3 chunks of flesh


   Skills:
 + Level 13.4 Fighting
 + Level 16.2 Long Blades
 + Level 1.7 Polearms
 + Level 14.1 Armour
 + Level 6.1 Dodging
 + Level 1.7 Stealth
 + Level 17.3 Shields
 + Level 4.2 Invocations
 + Level 1.1 Evocations


You had 14 spell levels left.
You didn't know any spells.
Your spell library contained the following spells:

 Spells                   Type           Power        Failure   Level  Hunger
 Animate Skeleton         Necr           N/A          99%         1    ##.....
 Corona                   Hex            #......      99%         1    ##.....
 Magic Dart               Conj           #...         99%         1    ##.....
 Pain                     Necr           #...         99%         1    ##.....
 Sandblast                Erth           #.....       99%         1    ##.....
 Blink                    Tloc           N/A          99%         2    ###....
 Call Imp                 Summ           #.......     99%         2    ###....
 Ensorcelled Hibernation  Hex/Ice        #.....       99%         2    ###....
 Passwall                 Tmut/Erth      #.......     99%         2    ###....
 Slow                     Hex            #.......     99%         2    ###....
 Confuse                  Hex            #.......     100%        3    ####...
 Conjure Flame            Conj/Fire      #.......     100%        3    ####...
 Dazzling Spray           Conj/Hex       #.....       100%        3    ####...
 Mephitic Cloud           Conj/Pois/Air  #.......     100%        3    ####...
 Regeneration             Chrm/Necr      #.........   100%        3    ####...
 Stone Arrow              Conj/Erth      #.....       100%        3    ####...
 Tukima's Dance           Hex            #.......     100%        3    ####...
 Vampiric Draining        Necr           #.........   100%        3    ####...
 Animate Dead             Necr           N/A          100%        4    #####..
 Petrify                  Tmut/Erth      #.......     100%        4    #####..
 Lee's Rapid Deconstruct  Erth           #.........   100%        5    ######.


Dungeon Overview and Level Annotations

Branches:
Dungeon (15/15)            Temple (0/1) D:7            Lair (3/6) D:11
  Snake (0/4) Lair:2          Orc (2/2) D:9             Elf (0/3) Orc:2
 Vaults (0/5) D:14         Depths (0/5) D:15        Volcano (visited)
  Swamp: Lair:2-4    Shoals: Lair:2-4

Altars:
Ashenzari
Okawaru
Trog
Xom
Yredelemnul
The Shining One

Shops:
D:4 [

Annotations:
Lair:2 exclusion: oklob plant
Lair:3 2 transporters


Innate Abilities, Weirdness & Mutations

You reflexively headbutt those who attack you in melee.
You have a pair of horns on your head.


Message History

Found 12 gold pieces.
Found 30 gold pieces.
You hear the loud beating of a distant drum.
Found 13 gold pieces.
You now have 1453 gold pieces (gained 25).
Found 15 gold pieces.
A troll and an ettin come into view.
The ettin shouts in stereo!
You hear a shout! x2
You block the ettin's attack.
The ettin hits you with a +0 dire flail!!!
* * * LOW HITPOINT WARNING * * *
Found 26 gold pieces.
Found a stone staircase leading up.
Unknown command.
You feel yourself speed up.
You see here 15 gold pieces.
You feel much better.
You hit the ettin. You burn the ettin. You headbutt the ettin.
The ettin is moderately wounded.
The ettin hits you with a +0 dire flail!!!
You die...

*.*#...####*.....,,,*
**##....####.......**
#.$.....#.......#*
##......#......#*
###..........#*
##....$...#*
#.......##
**###......##
*,*#..T.C@..#*
*#.....#......#*
#.....###......#*
*##..T.,*........#*
**......*###.......#
*.......***.<.....##
*##.....,*,.....$##
###.,,,,,.....##
*,,,,,,,,,,,**


You could see an ettin and a troll.

Vanquished Creatures
  A stone giant (D:12)
  A dire elephant (D:15)
  An ettin (Orc:2)
  Fannar (D:11)
  2 ogre magi
  4 hydras
  2 catoblepae
  4 vault guards (D:14)
  11 centaur warriors
  13 two-headed ogres
  3 death yaks (D:11)
  A salamander mystic (Volcano)
  A shadow wraith (D:12)
  A hell knight (Volcano)
  2 skeletal warriors (D:12)
  4 unseen horrors
  A wizard (D:14)
  A deep elf archer (D:12)
  4 orc knights
  A wolf spider zombie (D:11)
  3 ugly things
  3 deep elf magi
  2 orc sorcerers
  A wolf spider (D:15)
  3 cyclopes
  6 salamanders
  5 spiny frogs
  7 kobold demonologists
  An efreet (D:13)
  6 yaktaurs
  7 komodo dragons
  A freezing wraith (D:15)
  7 trolls
  2 hornets
  Prince Ribbit (Lair:2)
  2 slime creatures
  10 blink frogs
  8 hippogriffs
  3 shadows
  3 vampires
  A wraith (D:12)
  A spriggan (D:7)
  4 wyverns
  Eustachio (D:6)
  6 hungry ghosts
  2 basilisks (D:13)
  19 yaks
  5 vampire mosquitoes
  A soldier ant (D:13)
  3 nagas (Lair:2)
  2 acid dragons (D:15)
  A warg (Orc:1)
  3 porcupines
  3 water moccasins
  3 sky beasts
  15 orc warriors
  15 ogres
  A necrophage (D:9)
  7 phantoms
  2 eyes of draining
  4 wolves
  24 centaurs
  7 big kobolds
  7 crocodiles
  14 bullfrogs
  7 gnoll sergeants (D:9)
  A wyvern skeleton (D:6)
  4 scorpions
  9 killer bees
  16 wights
  4 electric eels
  5 howler monkeys
  7 centaur zombies
  3 bullfrog zombies
  7 crimson imps
  A quasit (D:13)
  6 centaur skeletons
  7 hounds
  6 jellies
  9 orc priests
  3 gnoll shamans
  5 bullfrog skeletons
  4 iguanas
  2 hell rats
  14 orc wizards
  11 worker ants
  A hound zombie (D:9)
  3 hound skeletons
  A howler monkey zombie (D:9)
  19 gnolls
  2 river rats
  20 adders
  6 shadow imps
  3 adder skeletons
  3 worms (D:2)
  8 leopard geckos
  57 orcs
  4 giant cockroaches
  6 goblins
  9 hobgoblins
  9 jackals
  6 quokkas
  3 ball pythons
  9 bats
  6 frilled lizards
  A jackal skeleton (D:4)
  21 kobolds
  2 quokka skeletons
  A quokka zombie (D:7)
  8 rats
  A fungus (Lair:1)
631 creatures vanquished.

Vanquished Creatures (others)
  A plant (Lair:2)
1 creature vanquished.

Grand Total: 632 creatures vanquished

Notes
Turn   | Place    | Note
-------+----------+-------------------------------------------
     0 | D:1      | Peloso the Minotaur Fighter began the quest for the Orb.
     0 | D:1      | Reached XP level 1. HP: 19/19 MP: 0/0
   136 | D:1      | Reached XP level 2. HP: 26/27 MP: 1/1
   534 | D:1      | You fall into a shaft and drop 1 floor!
   548 | D:2      | Reached XP level 3. HP: 20/33 MP: 2/2
   692 | D:2      | Reached skill level 4 in Shields
   696 | D:2      | Reached XP level 4. HP: 22/41 MP: 3/3
   989 | D:2      | Found a shimmering altar of Xom.
  1113 | D:2      | Reached XP level 5. HP: 36/47 MP: 4/4
  1390 | D:3      | Reached skill level 5 in Armour
  2032 | D:3      | Reached skill level 1 in Dodging
  2032 | D:3      | Reached XP level 6. HP: 53/53 MP: 5/5
  2034 | D:3      | Reached skill level 5 in Long Blades
  2521 | D:4      | Reached skill level 5 in Fighting
  2553 | D:4      | Reached XP level 7. HP: 57/61 MP: 6/6
  3649 | D:4      | Found Ostraxime's Antique Armour Shoppe.
  3965 | D:5      | Entered Level 5 of the Dungeon
  3985 | D:5      | Found an iron altar of Okawaru.
  4000 | D:5      | Reached skill level 5 in Shields
  4008 | D:5      | Found a basalt altar of Yredelemnul.
  4014 | D:5      | Became a worshipper of Warmaster Okawaru
  4224 | D:5      | Reached XP level 8. HP: 54/68 MP: 7/7
  4303 | D:5      | Reached * piety under Okawaru
  4333 | D:5      | Reached skill level 6 in Shields
  4667 | D:5      | Found a glowing golden altar of the Shining One.
  5036 | D:6      | Reached skill level 7 in Shields
  5063 | D:6      | Reached ** piety under Okawaru
  5626 | D:6      | Noticed Eustachio
  5688 | D:6      | Killed Eustachio
  5688 | D:6      | Reached XP level 9. HP: 35/75 MP: 4/8
  6094 | D:7      | Reached skill level 8 in Shields
  6119 | D:7      | Reached *** piety under Okawaru
  6119 | D:7      | Reached skill level 1 in Invocations
  6329 | D:7      | Found a staircase to the Ecumenical Temple.
  6379 | D:7      | Reached skill level 10 in Long Blades
  6706 | D:7      | Received a gift from Okawaru
  6985 | D:8      | Found a bloodstained altar of Trog.
  7274 | D:8      | Reached XP level 10. HP: 86/86 MP: 10/10
  7768 | D:9      | Reached skill level 9 in Shields
  8300 | D:9      | Found a staircase to the Orcish Mines.
  8320 | D:9      | Reached **** piety under Okawaru
  8329 | D:9      | Reached skill level 1 in Evocations
  8672 | D:9      | Reached ***** piety under Okawaru
  8790 | D:9      | Reached skill level 10 in Shields
  8824 | D:9      | Found a shattered altar of Ashenzari.
  8828 | D:9      | Noticed a two-headed ogre
  8838 | D:9      | Killed a two-headed ogre
  8967 | D:10     | Entered Level 10 of the Dungeon
  9329 | D:10     | Reached XP level 11. HP: 90/95 MP: 11/11
  9565 | D:11     | Found a staircase to the Lair.
  9565 | D:11     | Noticed a death yak
  9565 | D:11     | Noticed a death yak
  9585 | D:11     | Noticed a death yak
  9610 | D:11     | Killed a death yak
  9625 | D:11     | Killed a death yak
  9625 | D:11     | Reached skill level 10 in Armour
  9647 | D:11     | Killed a death yak
 10000 | D:10     | Reached skill level 11 in Shields
 10169 | D:11     | Reached ****** piety under Okawaru
 10194 | D:11     | Received a gift from Okawaru
 10534 | D:11     | Noticed Fannar
 10590 | D:11     | Killed Fannar
 10607 | D:11     | Noticed a red ugly thing
 10621 | D:11     | Killed a red ugly thing
 10779 | D:11     | Killed an unseen horror
 11237 | D:12     | Reached skill level 10 in Fighting
 11245 | D:12     | Reached skill level 12 in Shields
 11304 | D:12     | Reached XP level 12. HP: 44/106 MP: 10/12
 11311 | D:12     | Noticed a two-headed ogre
 11330 | D:12     | Received a gift from Okawaru
 11333 | D:12     | Killed a two-headed ogre
 11621 | D:12     | Noticed a six-headed hydra
 11631 | D:12     | Killed a nine-headed hydra
 11937 | D:12     | Noticed a catoblepas
 11937 | D:12     | Noticed a centaur warrior
 11941 | D:12     | Found a runed translucent door.
 12032 | D:12     | Found a runed translucent door.
 12032 | D:12     | Found a runed translucent door.
 12032 | D:12     | Found a runed translucent door.
 12032 | D:12     | Noticed a centaur warrior
 12032 | D:12     | Noticed a two-headed ogre
 12034 | D:12     | Noticed a stone giant
 12035 | D:12     | Noticed a centaur warrior
 12053 | D:12     | Killed a stone giant
 12053 | D:12     | Received a gift from Okawaru
 12088 | D:12     | Killed a centaur warrior
 12965 | Lair:1   | Entered Level 1 of the Lair of Beasts
 13044 | Lair:1   | Noticed a five-headed hydra
 13053 | Lair:1   | Killed a 12-headed hydra
 13053 | Lair:1   | Received a gift from Okawaru
 13054 | Lair:1   | Found a dark tunnel.
 13063 | Volcano  | Entered a volcano
 13094 | Volcano  | Reached skill level 13 in Shields
 13176 | Volcano  | Reached skill level 5 in Dodging
 13454 | Lair:1   | Reached XP level 13. HP: 95/116 MP: 14/14
 14423 | Lair:2   | Found a staircase to the Snake Pit.
 14884 | Lair:2   | Noticed Prince Ribbit
 14892 | Lair:2   | Killed Prince Ribbit
 14898 | Lair:2   | Received a gift from Okawaru
 14898 | Lair:2   | Reached skill level 1 in Polearms
 14915 | Lair:2   | Reached skill level 1 in Stealth
 14939 | Lair:2   | Got an encrusted rapier {god gift}
 14948 | Lair:2   | Identified the +10 rapier "Hydra's Foe" {pierce, rN+}
                  | (Okawaru gifted it to you on level 2 of the Lair of Beasts)
 15440 | Lair:3   | Found a transporter.
 15656 | Lair:3   | Found a transporter.
 16436 | D:13     | Reached skill level 14 in Shields
 16479 | D:13     | Received a gift from Okawaru
 16611 | D:13     | You fall into a shaft and drop 2 floors!
 16611 | D:15     | Entered Level 15 of the Dungeon
 17502 | D:15     | Reached skill level 15 in Shields
 17838 | D:14     | Reached skill level 15 in Long Blades
 18217 | D:15     | Reached XP level 14. HP: 91/126 MP: 16/16
 18534 | D:14     | Received a gift from Okawaru
 18544 | D:14     | Got a twisted shield {god gift}
 18550 | D:14     | Identified the +9 shield of Moral Flaws {Slay+2} (Okawaru
                  | gifted it to you on level 14 of the Dungeon)
 18921 | D:14     | Reached skill level 16 in Shields
 19534 | D:14     | Found a gate to the Vaults.
 20352 | D:15     | Received a gift from Okawaru
 20656 | D:15     | Found a staircase to the Depths.
 21134 | D:12     | Reached skill level 17 in Shields
 21150 | D:12     | Paralysed by a hornet for 1 turns
 21393 | Orc:1    | Entered Level 1 of the Orcish Mines
 21519 | Orc:1    | Reached XP level 15. HP: 136/136 MP: 17/17
 21738 | Orc:2    | Entered Level 2 of the Orcish Mines
 21743 | Orc:2    | Received a gift from Okawaru
 21784 | Orc:2    | Got a pair of steaming boots {god gift}
 21875 | Orc:2    | Slain by an ettin

Levels and vault maps discovered:
D:1:      dpeg_arrival_three_smaller_balls, layout_loops_ring
D:2:      layout_loops_ring, xom_teletrap_fun
D:3:      layout_loops_corners, serial_undead, serial_undead_c, serial_undead_e,
          serial_undead_e, serial_undead_c, serial_undead_c, first_ration
D:4:      layout_basic, serial_shops, nicolae_shop_trees
D:5:      layout_basic, marbit_many_paths,
          chequers_temple_overflow_statue_of_worship, minmay_misc_feat_room
D:6:      layout_rooms, uniq_eustachio
D:7:      layout_cave_pods, minmay_temple_entry_arrows, the_bakery
D:8:      layout_basic, overflow_temple_1_default, minmay_fountain_box
D:9:      layout_roguey, lemuel_round_altar,
          kennysheep_orc_monster_closet_entryway, kennysheep_boxes
D:10:     layout_big_octagon, st_stairs_12
D:11:     layout_roguey, dpeg_lair_monsters, hex_intersection, uniq_fannar
D:12:     minmay_the_grid_triangle_9x9_rhombus_thin
          [minmay_the_grid_triangle_9x9_pentomino_pain,
          minmay_the_grid_triangle_9x9_prize_insulated,
          minmay_the_grid_triangle_9x9_subtriangle,
          minmay_the_grid_triangle_9x9_fully_insulated_deathbox],
          layout_loops_cross, serial_co_window_serial, co_window_paths_a,
          co_window_corner_a, co_window_corner_a, co_window_paths_a,
          co_window_paths_a, co_window_corner_b, co_window_broadway_a,
          co_window_corner_ca, co_window_broadway_b, glass_columns_b,
          glass_columns_a, glass_columns_a, glass_columns_c
D:13:     layout_roguey, serial_rivers, chequers_serial_rivers_marsh,
          chequers_serial_rivers_micro_d, chequers_serial_rivers_micro_a,
          chequers_serial_rivers_micro_b, chequers_serial_rivers_small_b,
          chequers_serial_rivers_small_a
D:14:     minmay_ornate_pinched, layout_long_grid, grunt_vaults_entry_fortified,
          minmay_holes
D:15:     hangedman_depths_entry_try_elsewhere_first, layout_grid_maze
Lair:1:   layout_gridlike, enter_volcano_2, minivault_11, beast_lair_carwin_4,
          serial_bayou_shore_b, infiniplex_staircase_pool
Lair:2:   minmay_lair_oklob_tunnel, layout_chaotic_city,
          guppyfry_snake_entry_island, uniq_prince_ribbit2
Lair:3:   gammafunk_cloud_chamber, layout_loops_ring, grunt_megastairs_3
Orc:1:    layout_diamond_mine, guppyfry_library_mini
Orc:2:    st_orc_pillars, layout_diamond_mine, gauntlet_entry_generic,
          basic_altar

Skill      XL: |  1  2  3  4  5  6  7  8  9 10 11 12 13 14 15 |
---------------+----------------------------------------------+-----
Fighting       | 4 5 6 7 8 10 11 12 13 | 13.4
Armour         | 4 5 6 7 8 9 10 12 13 14 | 14.1
Long Blades    | 3 4 5 7 8 10 11 13 14 15 16 | 16.2
Shields        | 4 5 7 8 10 12 13 15 17 | 17.3
Dodging        | 1 2 3 4 5 6 |  6.1
Invocations    | 1 3 4 |  4.2
Evocations     | 1 |  1.1
Polearms       | 1 |  1.7
Stealth        | 1 |  1.7

Action                   |  1- 3 |  4- 6 |  7- 9 | 10-12 | 13-15 || total
-------------------------+-------+-------+-------+-------+-------++-------
Melee: Long sword        |    92 |   180 |   433 |   864 |   274 ||  1843
       Headbutt          |    10 |    33 |    99 |   288 |   266 ||   696
       Scimitar          |       |       |       |       |   642 ||   642
       Demon trident     |       |       |       |       |     4 ||     4
Invok: Heroism           |       |       |    11 |    21 |    15 ||    47
       Finesse           |       |       |       |     3 |       ||     3
Evoke: Wand              |       |       |       |     6 |     2 ||     8
  Use: Scroll            |       |     2 |     8 |     1 |    12 ||    23
       Potion            |       |     5 |     1 |     6 |     5 ||    17
  Eat: Chunk             |       |     6 |    13 |    18 |    25 ||    62
       Ration            |       |       |     1 |     1 |     1 ||     3
Armor: Scale mail        |    51 |    39 |       |       |       ||    90
       Chain mail        |       |    58 |   190 |   219 |    50 ||   517
       Plate armour      |       |       |       |   147 |   277 ||   424
Dodge: Dodged            |    27 |    52 |   115 |   217 |   200 ||   611
       Deflected         |       |       |       |       |     2 ||     2
Block: Shield            |    57 |    87 |   277 |   524 |   823 ||  1768
       Rpst.: Long sword |     6 |    16 |    31 |    44 |    15 ||   112
       Scimitar          |       |       |       |       |    23 ||    23
